 Dungeon Crawl Stone Soup version 0.31-a0-692-gf03d1854d5 (webtiles) character file.

Game seed: 9672032118315405460

48 qw the Shooter (level 3, 0/22 HPs)
             Began as a Gargoyle Hunter on Sept 6, 2023.
             Slain by a jackal (2 damage)
             ... on level 1 of the Dungeon.
             The game lasted 00:00:24 (713 turns).

qw the Shooter (Gargoyle Hunter)                     Turns: 713, Time: 00:00:24

Health: 0/22       AC:  6    Str: 14    XL:     3   Next: 72%
Magic:  3/3        EV: 11    Int:  9    God:
Gold:   57         SH:  0    Dex: 15    Spells: 2/2 levels left

rFire   . . .        a - +0 shortbow
rCold   . . .        (shield currently unavailable)
rNeg    + . .        c - +0 leather armour
rPois   inf          (no helmet)
rElec   +            (no cloak)
rCorr   .            (no gloves)
SInv    .            (no boots)
Will    .....        (no amulet)
Stlth   ++           (no ring)
HPRegen 0.23/turn    (no ring)
MPRegen 0.08/turn

%: no passive effects
@: no status effects
A: sickness immunity, AC +3, negative energy resistance 1, electricity
resistance, torment resistance 1, petrification resistance
a: no special abilities


You were on level 1 of the Dungeon.
You visited 1 branch of the dungeon, and saw 1 of its levels.

You collected 57 gold pieces.


Innate Abilities, Weirdness & Mutations

You are immune to sickness and miasma.
Your stone body is resilient. (AC +3)
You are immune to poison.
You resist negative energy. (rN+)
You are resistant to electric shocks. (rElec)
You are resistant to unholy torment.
You are immune to petrification.


   Skills:
 + Level 2.9 Fighting
 - Level 5.0 Ranged Weapons
 - Level 1.5 Dodging
 - Level 1.1 Stealth


You had 2 spell levels left.
You didn't know any spells.
Your spell library was empty.

Inventory:

Hand Weapons
 a - a +0 shortbow (weapon)
Armour
 c - a +0 leather armour (worn)
 h - a +0 ring mail
 j - a +2 pair of gloves of hurling
Scrolls
 b - a scroll of butterflies
 f - a scroll of teleportation {unknown}
 g - a scroll of enchant weapon {unknown}
Potions
 d - 3 potions of attraction {unknown}
 e - a potion of haste {unknown}
 i - a potion of curing {unknown}

Dungeon Overview and Level Annotations

Branches:
Dungeon (1/15)

Altars:


Message History

The jackal barely misses you. The jackal closely misses you.
The goblin hits you with a +0 club. The jackal barely misses you.
You shoot an arrow. The arrow barely misses the jackal.
The jackal bites you but does no damage.
The jackal misses you. The jackal barely misses you.
The goblin hits you with a +0 club.
The jackal bites you but does no damage.
The jackal barely misses you.
You shoot an arrow. The arrow barely misses the jackal.
The jackal bites you but does no damage.
The jackal closely misses you. The jackal barely misses you.
The goblin hits you with a +0 club. The jackal misses you.
You shoot an arrow. The arrow closely misses the jackal.
The jackal barely misses you.
The jackal bites you but does no damage.
The jackal closely misses you. The goblin hits you but does no damage.
The jackal barely misses you.
The jackal bites you but does no damage. x2
You shoot an arrow. The arrow hits the jackal.
The jackal is almost dead.
The jackal closely misses you. The jackal bites you.
The goblin closely misses you.
The jackal bites you but does no damage.
The jackal closely misses you. The jackal bites you.
You shoot an arrow. The arrow hits the jackal!
You kill the jackal!
The jackal bites you. The goblin barely misses you.
The jackal bites you but does no damage.
The jackal closely misses you. The goblin closely misses you.
The jackal closely misses you.
You shoot an arrow. The arrow closely misses the goblin.
The jackal barely misses you.
The jackal bites you but does no damage.
The goblin hits you but does no damage.
The jackal bites you but does no damage.
You shoot an arrow. The arrow barely misses the goblin.
The jackal bites you but does no damage.
The jackal closely misses you. The goblin hits you but does no damage.
The jackal misses you. The jackal bites you.
You die...

...####...#...........###########
................)...............#
#.#####...#..................)..#
#.# #...#.........#...........#
#.# #...#..####...#############
#.#####...#...#######
....................#
#.###..####%###.#####...
#.####.#[.#)..#.@g%.....
.......#(.#...#hh%......
#.####.%....###.........
.......###.(............
...###.#...#..#......... ...#
#.#...#..#.......%. ...#
#.###.####......... ...#
#.................. ...#
#...###.##


You could see 2 jackals and a goblin.

Vanquished Creatures
  A dart slug (D:1)
  2 bats (D:1)
  3 endoplasms (D:1)
  A giant cockroach (D:1)
  3 goblins (D:1)
  6 hobgoblins (D:1)
  7 jackals (D:1)
  6 kobolds (D:1)
  3 ball pythons (D:1)
  3 frilled lizards (D:1)
  2 rats (D:1)
37 creatures vanquished.

Notes
Turn   | Place    | Note
-------+----------+-------------------------------------------
     0 | D:1      | qw the Gargoyle Hunter began the quest for the Orb.
     0 | D:1      | Reached XP level 1. HP: 12/12 MP: 1/1
     0 | D:1      | 0 ||| qw: Version: 0.3-a-76-g4403597
     0 | D:1      | 0 ||| qw: Game counter: 351
     0 | D:1      | 0 ||| qw: Melee chars always use a shield: true
     0 | D:1      | 0 ||| qw: God list: Okawaru
     0 | D:1      | 0 ||| qw: Allow faded altars: false
     0 | D:1      | 0 ||| qw: Do Orc after clearing Dungeon:15 true
     0 | D:1      | 0 ||| qw: Do second Lair branch before Depths: true
     0 | D:1      | 0 ||| qw: Lair rune preference: random
     0 | D:1      | 0 ||| qw: Goals: Normal
     0 | D:1      | 0 ||| PLANNING D:1-11
    67 | D:1      | Reached XP level 2. HP: 17/17 MP: 2/2
   276 | D:1      | Reached XP level 3. HP: 21/21 MP: 3/3
   492 | D:1      | Reached skill level 5 in Ranged Weapons
   708 | D:1      | HP: 5/22 [goblin/+0 club (3)]
   711 | D:1      | HP: 1/22 [jackal (2)]
   713 | D:1      | Slain by a jackal

Levels and vault maps discovered:
D:1:      minmay_arrival_diagonal_passages, layout_basic, minmay_octomino_c4

Skill      XL: |  1  2  3 |
---------------+----------+-----
Ranged Weapons | 5 |  5.0
Fighting       | |  2.9
Dodging        | |  1.5
Stealth        | |  1.1

Action                     || total
---------------------------++-------
   Fire: Shortbow          ||   127
 Armour: Leather armour    ||    56
  Dodge: Dodged            ||    65

Table legend:
 A = Non-vault XP
 B = Vault XP
 C = Vault XP percentage of total XP
 D = Non-vault monster count
 E = Vault monster count
 F = Vault count percentage of total count
                 A         B        C        D         E       F
            +---------+---------+-------+---------+---------+-------
      Total |      61 |       8 |  11.6 |      32 |       5 |  13.5
            +---------+---------+-------+---------+---------+-------
        D:1 |      61 |       8 |  11.6 |      32 |       5 |  13.5
            +---------+---------+-------+---------+---------+-------
